 Dungeon Crawl Stone Soup version 0.28.0 (webtiles) character file.

Game seed: 13988503926337073144

6 rockstonesolid the Sneak (level 1, -1/13 HPs)
             Began as a Gnoll Enchanter on Feb 17, 2022.
             Succumbed to an adder's poison
             ... on level 3 of the Dungeon.
             The game lasted 00:01:37 (272 turns).

rockstonesolid the Sneak (Gnoll Enchanter)           Turns: 272, Time: 00:01:38

Health: -1/13      AC:  2    Str:  7    XL:     1   Next: 90%
Magic:  6/6        EV: 13    Int: 14    God:
Gold:   19         SH:  0    Dex: 12    Spells: 9/9 levels left

rFire   . . .      SeeInvis .   f - +0 short sword
rCold   . . .      Faith    .   (no shield)
rNeg    . . .      Spirit   .   b - +0 robe
rPois   .          Reflect  .   (no helmet)
rElec   .          Harm     .   (no cloak)
rCorr   .          Rampage  .   (no gloves)
Will    .....                   (no boots)
Stlth   +++.......              (no amulet)
HPRegen 0.04/turn               (no ring)
MPRegen 0.10/turn               (no ring)

@: lethally poisoned (-1 -> -6)
A: fangs 1, strong nose, distributed training
a: no special abilities


You were on level 3 of the Dungeon.
You visited 1 branch of the dungeon, and saw 3 of its levels.

You collected 69 gold pieces.
You spent 50 gold pieces at shops.

Inventory:

Hand Weapons
 a - a +1 dagger
 f - a +0 short sword (weapon)
Armour
 b - a +0 robe (worn)
Scrolls
 d - a scroll of teleportation {@r3}
 g - a scroll of noise {unknown}
 h - a scroll of identify {@r1}
 i - a scroll of enchant armour {unknown}
Potions
 c - a potion of invisibility
 e - 2 potions of brilliance


   Skills:
 + Level 0.2 Fighting
 + Level 2.4 Short Blades
 + Level 0.2 Long Blades
 + Level 0.2 Axes
 + Level 0.2 Maces & Flails
 + Level 0.2 Polearms
 + Level 0.2 Staves
 + Level 0.2 Slings
 + Level 0.2 Bows
 + Level 0.2 Crossbows
 + Level 0.2 Throwing
 + Level 0.2 Armour
 + Level 4.4 Dodging
 + Level 5.9 Stealth
 + Level 0.2 Shields
 + Level 0.2 Unarmed Combat
 + Level 4.9 Spellcasting
 + Level 0.1 Conjurations
 + Level 5.3 Hexes
 + Level 0.1 Summonings
 + Level 0.1 Necromancy
 + Level 0.1 Translocations
 + Level 0.1 Transmutations
 + Level 0.1 Fire Magic
 + Level 0.1 Ice Magic
 + Level 0.1 Air Magic
 + Level 0.1 Earth Magic
 + Level 0.1 Poison Magic
 + Level 0.3 Invocations
 + Level 0.2 Evocations


You had 9 spell levels left.
You didn't know any spells.
Your spell library contained the following spells:

 Spells                   Type           Power      Damage    Failure   Level
 Confusing Touch          Hex            18%        N/A       6%          3
 Tukima's Dance           Hex            18%        N/A       6%          3
 Ensorcelled Hibernation  Hex/Ice        22%        N/A       9%          2
 Dazzling Flash           Conj/Hex       22%        N/A       17%         3


Dungeon Overview and Level Annotations

Branches:
Dungeon (3/15)

Altars:
Elyvilon

Shops:
D:1 ?   D:3 *


Innate Abilities, Weirdness & Mutations

You have very sharp teeth.
Your uncanny sense of smell can sniff out nearby items.
Your experience applies equally to all skills.


Message History

The endoplasm freezes you.
You are frozen.
You are too injured to fight recklessly!
You hit the endoplasm.
You kill the endoplasm!
A ball python comes into view.
Found 26 bolts.
f - a +0 short sword (weapon)
The ball python hisses angrily.
The ball python misses you. The ball python grabs you.
The ball python constricts you.
You barely miss the ball python. The ball python bites you.
The ball python constricts you.
You hit the ball python.
The ball python bites you but does no damage.
The ball python constricts you.
* * * LOW HITPOINT WARNING * * *
You hit the ball python.
You kill the ball python!
You see here a ball python corpse.
Found a potion of brilliance.
Found a white marble altar of Elyvilon.
Why would you want to do that? Why would you want to do that?
e - 2 potions of brilliance (gained 1)
An adder comes into view.
The adder hisses angrily.
The adder closely misses you.
You completely miss the adder. The adder barely misses you. x2
You miss the adder. Your bite misses the adder.
The adder bites you but does no damage.
You hit the adder. Your bite misses the adder. The adder barely misses you.
You barely miss the adder. The adder bites you.
* * * LOW HITPOINT WARNING * * *
You hit the adder. The adder closely misses you. The adder barely misses you.
You hit the adder. The adder bites you.
* * * LOW HITPOINT WARNING * * *
You are lethally poisoned!
The adder poisons you!
You hit the adder.
You die...

#####♣..≈≈≈≈≈..♣ #
♣.≈.....≈.♣ ##
♣.≈.≈§≈.≈.♣ .
♣.≈≈§§§§§.♣ ∆ #
♣.≈≈._§≈≈.♣
♣.§≈.§.≈≈.♣ #
♣.§.≈≈≈.≈.♣########
...
♣.§..§.§≈.♣S.......
### ♣..≈≈§≈≈..♣@# #
....♣♣♣♣♣♣♣♣♣..# #
.### #### # ## .#
...# .### ##


You could see an adder.

Vanquished Creatures
  An endoplasm (D:3)
  2 ball pythons
  A bat (D:2)
  A frilled lizard (D:2)
  2 kobolds
  A rat (D:2)
8 creatures vanquished.

Notes
Turn   | Place    | Note
-------+----------+-------------------------------------------
     0 | D:1      | rockstonesolid the Gnoll Enchanter began the quest for the
                  | Orb.
     0 | D:1      | Reached XP level 1. HP: 13/13 MP: 6/6
    46 | D:1      | Found Tupeuc's Magic Scroll Shoppe.
    58 | D:1      | Bought a scroll of teleportation for 30 gold pieces
   113 | D:1      | Bought a scroll of identify for 20 gold pieces
   204 | D:3      | Found Zotiuxzeip's Assorted Antiques.
   249 | D:3      | Found a white marble altar of Elyvilon.
   272 | D:3      | Succumbed to an adder's poison

Illustrated notes

Levels and vault maps discovered:
D:1:      ncdulo_watergridlock, layout_basic, serial_shops, shop_fountains,
          roderic_lattice_a
D:2:      layout_basic, serial_corexii_hall, corexii_hall_statues_u,
          chequers_hall_statues_y, corexii_hall_statues_deadend,
          corexii_hall_statues_x, corexii_hall_statues_t,
          chequers_hall_statues_corner_a
D:3:      layout_loops_ring, fedhas_ov_isle_minmay, mainiacjoe_overflow_paths,
          lemuel_doored_altar, serial_shops, shop_fountains,
          hellmonk_ecumenical_altar_heavens_door

Action                   || total
-------------------------++-------
Melee: Dagger            ||    17
       Short sword       ||    10
  Use: Scroll            ||     1
 Stab: Sleeping          ||     2
Armor: Robe              ||    10
Dodge: Dodged            ||    14
